 Dungeon Crawl Stone Soup version 0.19-a0-994-g3c636f0 (webtiles) character file.

205 Gagarin the Skirmisher (level 5, 0/44 HPs)
             Began as a Demonspawn Abyssal Knight on July 15, 2016.
             Was a Believer of Lugonu.
             Killed by a spatial distortion (2 damage)
             ... on level 3 of the Dungeon.
             The game lasted 00:08:58 (2392 turns).

Gagarin the Skirmisher (Demonspawn Abyssal Knight)  Turns: 2392, Time: 00:08:59

Health: 0/44       AC:  7    Str: 13    XL:     5   Next: 53%
Magic:  7/7        EV: 11    Int: 14    God:    Lugonu [**....]
Gold:   153        SH:  3    Dex: 12    Spells: 0 memorised, 4 levels left

rFire  . . .     SeeInvis .     a - +1 falchion
rCold  . . .     Gourm    .     b - +0 leather armour
rNeg   . . .     Faith    .     r - +0 buckler
rPois  .         Spirit   .     f - +2 hat
rElec  .         Dismiss  .     (no cloak)
rCorr  .         Reflect  .     m - +0 pair of gloves
SustAt .         Harm     .     (no boots)
MR     .....                    (no amulet)
Stlth  +.........               (no ring)
                                (no ring)

@: not resistant to hostile enchantments, very unstealthy
A: talons 1, rugged brown scales 1, rot immunity
a: Depart the Abyss, Bend Space, Renounce Religion


You were on level 3 of the Dungeon.
You worshipped Lugonu.
Lugonu was pleased with you.
You were not hungry.

You visited 1 branch of the dungeon, and saw 3 of its levels.
You visited the Abyss 1 time.

You collected 153 gold pieces.

Inventory:

Hand Weapons
 a - a +1 falchion (weapon)
 d - a +0 rapier of venom
Missiles
 i - 5 tomahawks (quivered)
Armour
 b - a +0 leather armour (worn)
 f - a +2 hat (worn)
 m - a +0 pair of gloves (worn)
 r - a +0 buckler (worn)
Wands
 u - a wand of slowing (24/48)
Scrolls
 e - a scroll of immolation {unknown}
 g - 2 scrolls of enchant weapon {unknown}
 n - a scroll of random uselessness {unknown}
 p - 5 scrolls of recharging
 s - a scroll of magic mapping {unknown}
Potions
 o - 2 potions of cure mutation
 w - a potion of mutation
Comestibles
 c - 2 bread rations
 h - a beef jerky
 l - a royal jelly
 q - a slice of pizza
 v - 2 fruits


   Skills:
 + Level 4.3 Fighting
 + Level 2.9 Long Blades
 + Level 2.2 Armour
 + Level 2.4 Dodging
 + Level 0.8 Stealth
 + Level 0.1 Shields
 + Level 2.8 Invocations


You had 4 spell levels left.
You didn't know any spells.

Dungeon Overview and Level Annotations

Branches:
Dungeon (3/15)

Altars:
Nemelex Xobeh

Annotations:
D:3 Grinder


Innate Abilities, Weirdness & Mutations

You have sharp toenails.
You are partially covered in rugged brown scales. (AC +1, +3% HP)
You are immune to rotting.


Message History

The magic dart hits you!
* * * LOW HITPOINT WARNING * * *
The orc hits you but does no damage.
You closely miss the orc. You claw the orc, but do no damage.
The orc is severely wounded.
The orc wizard miscasts a cantrip.
The orc hits you with a club.
* * * LOW HITPOINT WARNING * * *
Something hits you but does no damage. The orc hits you.
* * * LOW HITPOINT WARNING * * *
You closely miss something. You claw something. You block the orc's attack.
Something hits you but does no damage. The orc hits you but does no damage.
The orc wizard mumbles some strange words.
The orc wizard seems to speed up.
Unknown command.
It was a potion of magic.
Magic courses through your body. The orc hits you but does no damage.
Something hits you but does no damage. The orc hits you but does no damage.
Space bends around you!
You blink.
You die...

........####........##
......†.............##
.......####o.........#
#####....##{o........#
..####.#.##§o........#
...###.#.##..........#
....#..#..#..........#
......###..#........##
.....## ##..#...@..##
....## ##.############
....# #.....####...#
....# #####........#
....###############....#
.......................#
....################...#
....# #...# ...## #...#


You could see an orc wizard and 2 orcs.

Vanquished Creatures
  Ijyb (D:3)
  Natasha (thrice) (D:2)
  Robin (D:2)
  An adder (D:2)
  3 dart slugs
  A giant gecko (D:2)
  4 orcs (D:3)
  9 bats
  A giant cockroach (D:1)
  19 goblins
  4 hobgoblins
  5 jackals (D:2)
  6 kobolds
  2 quokkas (D:2)
  2 ball pythons
  5 giant newts (D:1)
  5 rats
72 creatures vanquished.

Vanquished Creatures (others)
  2 starspawn tentacles (Abyss:1)
  35 starspawn tentacle segments (Abyss:1)
37 creatures vanquished.

Grand Total: 109 creatures vanquished

Notes
Turn   | Place    | Note
-------+----------+-------------------------------------------
     0 | Abyss:1  | Gagarin the Demonspawn Abyssal Knight began the quest for the Orb.
     0 | Abyss:1  | Reached XP level 1. HP: 18/18 MP: 2/2
   157 | Abyss:1  | Noticed a neqoxec
   177 | Abyss:1  | Noticed a large abomination
   183 | Abyss:1  | Noticed a chaos spawn
   186 | Abyss:1  | Noticed a tentacled starspawn
   201 | D:1      | Escaped the Abyss
   215 | D:1      | Noticed a minotaur zombie
   221 | D:1      | Noticed a troll
   222 | D:1      | Noticed a vine stalker
   230 | D:1      | Noticed a gargoyle
   230 | D:1      | Noticed a naga
   234 | D:1      | Noticed a draconian
   323 | D:1      | Reached skill level 1 in Dodging
   323 | D:1      | Reached * piety under Lugonu
   345 | D:1      | Gained mutation: You are partially covered in rugged brown scales. (AC +1, +3% HP) [demonic ancestry]
   345 | D:1      | Reached XP level 2. HP: 12/24 MP: 3/3
  1069 | D:2      | Noticed Natasha
  1077 | D:2      | Killed Natasha
  1077 | D:2      | Reached XP level 3. HP: 28/30 MP: 3/5
  1188 | D:2      | Noticed Robin
  1210 | D:2      | Killed Robin
  1210 | D:2      | Reached skill level 4 in Fighting
  1210 | D:2      | Gained mutation: You are immune to rotting. [demonic ancestry]
  1210 | D:2      | Reached XP level 4. HP: 8/38 MP: 6/6
  1211 | D:2      | Reached ** piety under Lugonu
  1577 | D:2      | Found a sparkling altar of Nemelex Xobeh.
  1712 | D:2      | Noticed Natasha
  1723 | D:2      | Killed Natasha
  1851 | D:2      | Noticed Natasha
  1859 | D:2      | Killed Natasha
  1859 | D:2      | Gained mutation: You have sharp toenails. [demonic ancestry]
  1859 | D:2      | Reached XP level 5. HP: 44/44 MP: 7/7
  1984 | D:3      | Noticed Grinder
  1985 | D:3      | Paralysed by Grinder for 4 turns
  2052 | D:3      | Noticed Ijyb
  2089 | D:3      | Gained mutation: You are dopey. (Int -2) [potion of mutation]
  2089 | D:3      | Gained mutation: You are agile. (Dex +2) [potion of mutation]
  2089 | D:3      | Gained mutation: You are covered in fur. (AC +1) [potion of mutation]
  2090 | D:3      | Killed Ijyb
  2361 | D:3      | Paralysed by Grinder for 4 turns
  2376 | D:3      | Lost mutation: You are dopey. (Int -2) [potion of cure mutation]
  2376 | D:3      | Lost mutation: You are agile. (Dex +2) [potion of cure mutation]
  2376 | D:3      | Lost mutation: You are covered in fur. (AC +1) [potion of cure mutation]
  2389 | D:3      | HP: 2/44 [orc (1)]
  2392 | D:3      | Killed by a spatial distortion

Vault maps used:
D:1:      shiori_arrival_whats_in_store_for_you, minmay_misc_feat_x
D:2:      nemelex_xobeh_ov_fountains_minmay, uniq_natasha, uniq_robin
D:3:      uniq_iyjb, uniq_grinder

Skill      XL: |  1  2  3  4 |
---------------+-------------+-----
Dodging        | 1 2 |  2.4
Long Blades    | 2 |  2.9
Armour         | 2 |  2.2
Fighting       | 4 |  4.3
Stealth        | |  0.8
Shields        | |  0.1
Invocations    | |  2.8

Action                   |  1- 3 |  4- 6 || total
-------------------------+-------+-------++-------
Melee: Falchion          |   104 |   157 ||   261
       Kick              |       |    30 ||    30
Invok: Depart the Abyss  |     1 |       ||     1
  Use: Potion            |     1 |     7 ||     8
       Scroll            |       |     4 ||     4
 Stab: Sleeping          |       |     2 ||     2
  Eat: Chunk             |     1 |     6 ||     7
Armor: Leather armour    |    49 |    49 ||    98
Dodge: Dodged            |    55 |    78 ||   133
Block: Buckler           |       |    21 ||    21
